General information
- name: BNet
- type: Ladder team game (AT/RT)
- host: Battle.net
- saver: sc2no.wc4yes
map: Highperch
- players: 6
- length: 62:23
- speed: Fast
- version: 1.26 W3XP
- replay type: Public
» download(261 KB)
Players
team 1 (loser)

»
SeXyMcNuGgEt93 (
blue | 39 APM | 2408 actions | 62:21)
5 Archmage
2 Summon Water Elemental
2 Blizzard
1 Brilliance Aura
5 Naga Sea Witch
3 Forked Lightning
2 Frost Arrows
» actions
| Assign group hotkey | 41 | |
| Basic commands | 100 | |
| Build / train | 101 | |
| ESC pressed | 1 | |
| Enter build submenu | 39 | |
| Enter hero's abilities submenu | 10 | |
| Give item / drop item | 1 | |
| Right click | 1291 | |
| Select / deselect | 431 | |
| Select group hotkey | 317 | |
| Use ability | 76 | |
2408 total
» units
| Peasant | 24 | |
| Footman | 4 | |
| Rifleman | 17 | |
| Gryphon Rider | 15 | |
| Mortar Team | 1 | |
61 total
» upgrades
| Lumber Harvesting | 2 | |
| Long Rifles | 1 | |
| Masonry | 3 | |
| Gunpowder | 3 | |
| Storm Hammers | 1 | |
| Armor | 3 | |
| Swords | 2 | |
| Flare | 1 | |
16 total
» buildings
| Farm | 13 | |
| Barracks | 2 | |
| Altar of Kings | 1 | |
| Blacksmith | 1 | |
| Keep | 1 | |
| Town Hall | 2 | |
| Lumber Mill | 1 | |
| Arcane Vault | 1 | |
| Scout Tower | 9 | |
| Guard Tower | 7 | |
| Castle | 1 | |
| Gryphon Aviary | 2 | |
| Workshop | 1 | |
42 total
» build order
00:10 Farm
00:18 Barracks
00:26 Altar of Kings
01:26 Farm
01:58 Blacksmith
02:05 Farm
02:50 Farm
03:32 Keep
04:52 Town Hall
05:12 Lumber Mill
05:20 Arcane Vault
05:28 Scout Tower
05:30 Scout Tower
05:32 Scout Tower
05:37 Scout Tower
06:19 Farm
06:28 Guard Tower
07:10 Guard Tower
07:53 Farm
07:54 Farm
08:24 Barracks
08:32 Farm
09:06 Castle
09:15 Farm
10:59 Gryphon Aviary
11:02 Gryphon Aviary
12:00 Farm
13:02 Farm
18:14 Farm
18:16 Farm
25:57 Town Hall
27:46 Scout Tower
27:49 Scout Tower
27:55 Scout Tower
27:58 Scout Tower
28:00 Scout Tower
28:29 Guard Tower
28:31 Guard Tower
28:34 Guard Tower
28:48 Guard Tower
28:50 Guard Tower
33:35 Workshop
» items
x-D (
pink | 39 APM | 1971 actions | 50:33)
6 Paladin
3 Holy Light
1 Devotion Aura
1 Divine Shield
1 Resurrection
» actions
| Assign group hotkey | 54 | |
| Basic commands | 31 | |
| Build / train | 71 | |
| ESC pressed | 6 | |
| Enter build submenu | 27 | |
| Enter hero's abilities submenu | 6 | |
| Remove unit from queue | 2 | |
| Right click | 1055 | |
| Select / deselect | 313 | |
| Select group hotkey | 349 | |
| Use ability | 57 | |
1971 total
» units
| Peasant | 18 | |
| Footman | 5 | |
| Rifleman | 2 | |
| Knight | 9 | |
| Gryphon Rider | 10 | |
44 total
» upgrades
| Swords | 2 | |
| Plating | 3 | |
| Animal War Training | 1 | |
6 total
» buildings
| Farm | 17 | |
| Altar of Kings | 1 | |
| Barracks | 2 | |
| Lumber Mill | 1 | |
| Blacksmith | 1 | |
| Arcane Vault | 1 | |
| Keep | 2 | |
| Castle | 1 | |
| Town Hall | 1 | |
| Gryphon Aviary | 1 | |
28 total
» build order
00:17 Farm
00:21 Altar of Kings
01:09 Barracks
01:16 Lumber Mill
02:04 Barracks
02:22 Farm
02:42 Farm
02:43 Farm
03:09 Blacksmith
03:15 Farm
03:34 Arcane Vault
04:20 Keep
05:06 Keep
05:50 Farm
05:56 Farm
06:00 Farm
07:27 Castle
09:33 Town Hall
11:30 Farm
17:06 Farm
17:08 Farm
18:24 Farm
23:00 Gryphon Aviary
24:40 Farm
28:39 Farm
28:40 Farm
28:41 Farm
28:42 Farm
» items
| Scroll of Regeneration | 4 | |
| Mechanical Critter | 1 | |
| Orb of Fire | 1 | |
6 total
dulongboard (
teal | 33 APM | 2023 actions | 60:30)
5 Far Seer
3 Feral Spirit
2 Chain Lighting
3 Beastmaster
2 Summon Bear
1 Summon Quilbeast
» actions
| Basic commands | 1 | |
| Build / train | 77 | |
| Enter build submenu | 38 | |
| Enter hero's abilities submenu | 8 | |
| Remove unit from queue | 1 | |
| Right click | 1216 | |
| Select / deselect | 587 | |
| Use ability | 94 | |
2023 total
» units
| Peon | 11 | |
| Grunt | 7 | |
| Tauren | 7 | |
| Shaman | 5 | |
| Troll Batrider | 14 | |
44 total
» upgrades
| Melee Weapons | 2 | |
| Armor | 2 | |
| Spiked Barricades | 1 | |
| Shaman Training | 2 | |
| Berserker Strength | 1 | |
| Pulverize | 1 | |
| Reinforced Defenses | 1 | |
| Liquid Fire | 1 | |
11 total
» buildings
| Orc Burrow | 8 | |
| Altar of Storms | 1 | |
| Barracks | 1 | |
| War Mill | 1 | |
| Stronghold | 1 | |
| Watch Tower | 13 | |
| Voodoo Lounge | 1 | |
| Spirit Lodge | 1 | |
| Fortress | 1 | |
| Tauren Totem | 3 | |
| Great Hall | 1 | |
| Beastiary | 3 | |
35 total
» build order
00:10 Orc Burrow
00:15 Altar of Storms
00:31 Barracks
01:54 Orc Burrow
02:42 War Mill
03:27 Stronghold
05:12 Watch Tower
05:26 Voodoo Lounge
05:38 Watch Tower
06:32 Watch Tower
06:39 Spirit Lodge
07:03 Orc Burrow
08:13 Fortress
09:16 Orc Burrow
11:23 Tauren Totem
12:02 Tauren Totem
13:32 Orc Burrow
13:46 Orc Burrow
15:11 Tauren Totem
18:48 Orc Burrow
21:42 Watch Tower
21:46 Watch Tower
21:50 Watch Tower
21:53 Watch Tower
21:57 Watch Tower
26:29 Great Hall
29:05 Watch Tower
29:57 Watch Tower
30:31 Watch Tower
32:27 Watch Tower
32:31 Watch Tower
33:30 Beastiary
33:48 Beastiary
34:25 Beastiary
34:37 Orc Burrow
» items
| Potion of Healing | 1 | |
| Orb of Lightning | 2 | |
| Scroll of Speed | 1 | |
| Staff of Teleportation | 2 | |
| Potion of Lesser Invulnerability | 1 | |
| Periapt of Vitality | 2 | |
9 total
team 2 (winner)

»
USA. (
red | 31 APM | 1914 actions | 62:22)
7 Warden
3 Shadow Strike
3 Blink
1 Spirit of Vengeance
» actions
| Assign group hotkey | 64 | |
| Basic commands | 6 | |
| Build / train | 89 | |
| ESC pressed | 4 | |
| Enter build submenu | 28 | |
| Enter hero's abilities submenu | 8 | |
| Give item / drop item | 7 | |
| Right click | 1006 | |
| Select / deselect | 445 | |
| Select group hotkey | 57 | |
| Use ability | 200 | |
1914 total
» units
| Wisp | 16 | |
| Huntress | 13 | |
| Chimaera | 13 | |
| Faerie Dragon | 2 | |
| Razormane Medicine Man | 1 | |
| Hippogryph | 15 | |
60 total
» upgrades
| Moon Armor | 3 | |
| Strength of the Moon | 1 | |
| Strength of the Wild | 2 | |
| Corrosive Breath | 1 | |
| Reinforced Hides | 1 | |
8 total
» buildings
| Altar of Elders | 1 | |
| Moon Well | 7 | |
| Ancient of War | 1 | |
| Hunter's Hall | 1 | |
| Tree of Ages | 4 | |
| Ancient Protector | 1 | |
| Ancient of Wonders | 1 | |
| Tree of Eternity | 1 | |
| Ancient of Wind | 2 | |
| Tree of Life | 4 | |
| Chimaera Roost | 3 | |
26 total
» build order
00:12 Altar of Elders
00:15 Moon Well
01:42 Ancient of War
01:49 Moon Well
01:51 Hunter's Hall
01:56 Moon Well
03:00 Moon Well
03:59 Tree of Ages
03:59 Tree of Ages
03:59 Tree of Ages
05:05 Ancient Protector
05:08 Moon Well
05:20 Ancient of Wonders
06:37 Tree of Eternity
07:41 Ancient of Wind
07:48 Moon Well
08:26 Moon Well
08:31 Tree of Life
09:10 Chimaera Roost
09:14 Chimaera Roost
11:55 Tree of Life
16:27 Chimaera Roost
18:02 Ancient of Wind
23:14 Tree of Life
23:25 Tree of Life
» items
| Potion of Healing | 1 | |
| Scroll of Town Portal | 1 | |
| Staff of Teleportation | 1 | |
| Potion of Lesser Invulnerability | 2 | |
| Boots of Speed | 1 | |
6 total
GuduKidd_dk (
yellow | 31 APM | 1081 actions | 35:05)
7 Blademaster
3 Wind Walk
3 Critical Strike
1 Bladestorm
» actions
| Assign group hotkey | 21 | |
| Build / train | 60 | |
| Enter build submenu | 13 | |
| Enter hero's abilities submenu | 7 | |
| Give item / drop item | 3 | |
| Right click | 340 | |
| Select / deselect | 191 | |
| Select group hotkey | 369 | |
| Use ability | 77 | |
1081 total
» units
| Peon | 7 | |
| Grunt | 9 | |
| Shaman | 3 | |
| Tauren | 5 | |
24 total
» upgrades
| Berserker Strength | 1 | |
| Melee Weapons | 1 | |
| Shaman Training | 2 | |
| Pulverize | 1 | |
| Armor | 1 | |
6 total
» buildings
| Altar of Storms | 1 | |
| Orc Burrow | 6 | |
| Barracks | 1 | |
| Voodoo Lounge | 1 | |
| Stronghold | 1 | |
| War Mill | 1 | |
| Fortress | 1 | |
| Spirit Lodge | 1 | |
| Tauren Totem | 2 | |
15 total
» build order
00:13 Altar of Storms
00:23 Orc Burrow
00:53 Barracks
01:33 Orc Burrow
01:53 Voodoo Lounge
02:40 Orc Burrow
03:53 Stronghold
05:12 Orc Burrow
05:45 War Mill
06:15 Fortress
06:50 Spirit Lodge
07:16 Orc Burrow
08:40 Tauren Totem
08:44 Tauren Totem
09:20 Orc Burrow
» items
| Healing Salve | 5 | |
| Potion of Healing | 3 | |
| Potion of Mana | 3 | |
| Lesser Clarity Potion | 2 | |
| Orb of Lightning | 1 | |
| Scroll of Town Portal | 3 | |
| Potion of Lesser Invulnerability | 2 | |
| Staff of Teleportation | 1 | |
20 total

»
sc2no.wc4yes (
green | 43 APM | 2658 actions | 62:23)
5 Death Knight
3 Death Coil
2 Unholy Aura
3 Lich
2 Frost Nova
1 Dark Ritual
3 Dark Ranger
2 Silence
1 Life Drain
» actions
| Assign group hotkey | 93 | |
| Basic commands | 76 | |
| Build / train | 73 | |
| ESC pressed | 1 | |
| Enter build submenu | 35 | |
| Enter hero's abilities submenu | 11 | |
| Give item / drop item | 13 | |
| Right click | 1156 | |
| Select / deselect | 557 | |
| Select group hotkey | 513 | |
| Use ability | 130 | |
2658 total
» units
| Acolyte | 9 | |
| Ghoul | 4 | |
| Crypt Fiend | 8 | |
| Gargoyle | 1 | |
| Frost Wyrm | 1 | |
| Obsidian Statue | 1 | |
24 total
» upgrades
| Creature Attack | 3 | |
| Creature Carapace | 4 | |
| Web | 1 | |
| Stone Form | 1 | |
9 total
» buildings
| Graveyard | 2 | |
| Crypt | 3 | |
| Altar of Darkness | 1 | |
| Ziggurat | 16 | |
| Tomb of Relics | 1 | |
| Halls of the Dead | 4 | |
| Nerubian Tower | 3 | |
| Necropolis | 1 | |
| Spirit Tower | 4 | |
| Black Citadel | 1 | |
| Sacrificial Pit | 1 | |
| Slaughterhouse | 1 | |
| Boneyard | 3 | |
41 total
» build order
00:10 Graveyard
00:14 Crypt
00:44 Altar of Darkness
00:48 Ziggurat
01:15 Tomb of Relics
02:14 Ziggurat
02:58 Ziggurat
03:57 Ziggurat
05:14 Halls of the Dead
05:14 Halls of the Dead
05:14 Halls of the Dead
05:55 Nerubian Tower
05:58 Necropolis
06:00 Ziggurat
07:00 Crypt
07:30 Spirit Tower
07:34 Ziggurat
07:37 Black Citadel
11:11 Sacrificial Pit
11:31 Ziggurat
11:32 Ziggurat
11:35 Slaughterhouse
13:01 Boneyard
13:02 Boneyard
13:07 Boneyard
13:12 Crypt
14:57 Ziggurat
15:01 Ziggurat
15:09 Ziggurat
17:04 Nerubian Tower
17:51 Ziggurat
17:56 Ziggurat
18:32 Graveyard
18:35 Ziggurat
19:28 Halls of the Dead
19:53 Spirit Tower
19:54 Spirit Tower
20:00 Ziggurat
20:02 Ziggurat
20:53 Spirit Tower
20:55 Nerubian Tower
» items
| Rod of Necromancy | 2 | |
| Sacrificial Skull | 2 | |
| Scroll of Town Portal | 2 | |
| Scroll of Speed | 1 | |
| Tiny Great Hall | 1 | |
| Orb of Corruption | 3 | |
| Staff of Teleportation | 1 | |
| Orb of Lightning | 1 | |
13 total
Chat log
(00:35 / Allies) sc2no.wc4yes: 100 g pls
(00:45 / Allies) sc2no.wc4yes: thx
(00:53 / Allies) USA.: please dont suck
(00:57 / Allies) GuduKidd_dk: im grunt to tauren
(01:05 / Allies) sc2no.wc4yes: cant make any promises
(08:42 / Allies) USA.: hit
(08:47 / Allies) sc2no.wc4yes: im surrounded
(08:54 / Allies) USA.: move yellow
(09:37 / Allies) sc2no.wc4yes: b
(09:52 / Allies) GuduKidd_dk: go?
(09:52 / Allies) USA.: les go
(10:05 / Allies) USA.: green
(11:51 / Allies) GuduKidd_dk: wait me heal and go
(12:33 / Allies) USA.: rdy?
(13:07 / Allies) USA.: someone get ward
(13:10 / Allies) GuduKidd_dk: wait all
(13:43 / Allies) USA.: go yellow
(13:57 / Allies) USA.: green
(13:58 / Allies) USA.: tf
(14:42 / Allies) USA.: b
(14:54 / Allies) USA.: lol green
(14:57 / Allies) USA.: idk what ur doing
(15:13 / Allies) sc2no.wc4yes: its our safe fortress
(15:15 / Allies) sc2no.wc4yes: they cnat go there
(15:22 / Allies) USA.: with air.
(15:26 / Allies) sc2no.wc4yes: so mass aa
(15:37 / Allies) USA.: prolongs the game
(15:45 / Allies) USA.: instead of running away whenever we fight
(15:48 / Allies) USA.: maybe help us win
(15:50 / Allies) sc2no.wc4yes: my hero was almost ded
(15:52 / Allies) USA.: would be gooo
(15:54 / Allies) USA.: b yellow
(15:55 / Allies) USA.: who care
(15:58 / Allies) USA.: pull back hero
(16:01 / Allies) USA.: mnot ur army
(16:10 / Allies) GuduKidd_dk: aff
(17:05 / Allies) GuduKidd_dk: tp
(17:06 / Allies) USA.: tp
(17:15 / Allies) USA.: green
(17:19 / Allies) USA.: GREEEN
(17:20 / Allies) sc2no.wc4yes: mass aa and get up here
(17:31 / Allies) USA.: TP
(17:33 / Allies) USA.: u fucking moron
(17:45 / All) USA.: omg
(17:51 / Allies) USA.: green is the worst player ive ever seeen
(18:02 / Allies) GuduKidd_dk: NOOOOOOBS
(18:04 / Allies) GuduKidd_dk: FUCKER
(18:08 / Allies) USA.: so bad
(18:17 / Allies) sc2no.wc4yes: i did my best
(18:24 / Allies) USA.: u didnt do anything
(18:27 / Allies) sc2no.wc4yes: i built the best fort i could
(18:30 / Allies) USA.: u fkcing moron
(18:38 / Allies) USA.: fucking 13 year old
(18:56 / Allies) sc2no.wc4yes: get ltos of aa and join me on my magic moutnain
(19:33 / All) SeXyMcNuGgEt93: gg
(19:35 / All) x-D: GG
(20:08 / Allies) USA.: nice yellow
(20:10 / Allies) USA.: u got bm out
(20:14 / Allies) sc2no.wc4yes: get the bm up here
(20:20 / Allies) sc2no.wc4yes: staff of teleportaion
(20:26 / Allies) USA.: no
(20:28 / Allies) USA.: get away from my base
(20:46 / Allies) sc2no.wc4yes: staff of tp
(20:49 / Allies) sc2no.wc4yes: join me on mount fun
(20:52 / Allies) GuduKidd_dk: IEIS
(22:13 / Allies) GuduKidd_dk: NOOOOOOOOOOOOB GREEN
(22:16 / Allies) GuduKidd_dk: MOTHER FUCKER
(22:19 / All) SeXyMcNuGgEt93: leave plz
(22:25 / All) sc2no.wc4yes: attack us
(22:27 / All) sc2no.wc4yes: plz
(22:29 / All) x-D: we will
(23:34 / Allies) USA.: lol
(23:40 / Allies) USA.: thanks formaking the longest game ever green
(23:47 / Allies) sc2no.wc4yes: this game is like 25 minutes so far
(23:47 / Allies) USA.: u have web right?
(23:51 / Allies) sc2no.wc4yes: yea
(23:58 / Allies) sc2no.wc4yes: my longest game on this map was 6 hours
(24:00 / Allies) USA.: set fiends on outside of
(24:10 / Allies) USA.: put fiends
(24:13 / Allies) USA.: on outside of zigs
(24:19 / Allies) sc2no.wc4yes: i have a few outside
(24:47 / Allies) sc2no.wc4yes: forgot to ge tburrow
(24:55 / Allies) sc2no.wc4yes: that bm is gonna die
(25:16 / All) SeXyMcNuGgEt93: LEAVE
(25:19 / All) sc2no.wc4yes: attack
(25:49 / Allies) USA.: hehe
(27:15 / Allies) sc2no.wc4yes: he has no tp
(27:38 / Allies) USA.: y the hell is he making rifles
(27:39 / Allies) USA.: what a nub
(27:41 / Allies) sc2no.wc4yes: lol
(27:54 / Allies) sc2no.wc4yes: taurens rifles and knights
(28:03 / Allies) sc2no.wc4yes: they must be looking for the ramp up
(28:37 / Allies) USA.: u think theyll find this
(28:42 / Allies) sc2no.wc4yes: probably not
(28:44 / Allies) sc2no.wc4yes: unless mh
(29:15 / Allies) USA.: i need lvl 7
(29:18 / Allies) USA.: for instant blink
(29:39 / Allies) USA.: yellow
(29:42 / Allies) USA.: u got any gold?
(29:53 / Allies) GuduKidd_dk: NOT
(29:58 / Allies) USA.: u got 70 gold?
(30:10 / All) sc2no.wc4yes: why dont you come up here?
(30:13 / All) sc2no.wc4yes: buy the zeppelin
(30:19 / All) SeXyMcNuGgEt93: cuz youre being assholes
(30:21 / Allies) GuduKidd_dk: 2 GOLD
(30:22 / All) SeXyMcNuGgEt93: holing up with aa
(31:17 / Allies) GuduKidd_dk: HEHEHEHE
(31:25 / Allies) sc2no.wc4yes: now they wont want to attack again ^^
(31:48 / Allies) GuduKidd_dk: i need man
(31:50 / Allies) GuduKidd_dk: mana
(32:04 / All) SeXyMcNuGgEt93: wow mass teleport?
(32:32 / Allies) sc2no.wc4yes: what they should do is
(32:35 / Allies) sc2no.wc4yes: kill all their melee
(32:38 / Allies) sc2no.wc4yes: and mine every gold at 50 food
(32:39 / Allies) USA.: yup
(32:41 / Allies) sc2no.wc4yes: then make 300 fodo of air
(32:42 / Allies) sc2no.wc4yes: but
(32:44 / Allies) sc2no.wc4yes: they are at 99 food
(32:45 / Allies) sc2no.wc4yes: mining
(32:46 / Allies) sc2no.wc4yes: lol
(32:55 / Allies) USA.: we lose
(32:57 / Allies) sc2no.wc4yes: no
(33:04 / Allies) sc2no.wc4yes: they need a lot more than 6 gryphs
(33:05 / Allies) sc2no.wc4yes: to win
(33:51 / Allies) USA.: lol
(34:06 / All) USA.: o no im trapped
(34:10 / All) x-D: u got blink
(34:12 / All) x-D: dumbvaass
(34:21 / Allies) sc2no.wc4yes: they got no stun
(34:24 / Allies) sc2no.wc4yes: lol wtf bm
(34:27 / Allies) sc2no.wc4yes: u almost killed warden
(34:31 / Allies) sc2no.wc4yes: and u kill urself
(34:34 / All) x-D: LOL
(34:35 / Allies) sc2no.wc4yes: i knew that bm was gonna die
(34:37 / Allies) GuduKidd_dk: hehehe
(34:40 / Allies) GuduKidd_dk: tchau
(35:12 / Allies) USA.: lol
(35:14 / Allies) USA.: this is boring
(36:16 / All) USA.: just come up here
(36:45 / All) sc2no.wc4yes: magic immune
(38:55 / Allies) sc2no.wc4yes: ooh
(38:57 / Allies) sc2no.wc4yes: they got a lto now
(39:11 / Allies) USA.: web
(39:19 / Allies) sc2no.wc4yes: its range isnt that great
(39:27 / Allies) USA.: share units
(39:28 / Allies) sc2no.wc4yes: wish i had a ghoul to clear trees
(40:18 / All) USA.: attack u pussies
(40:25 / All) SeXyMcNuGgEt93: attack you pussys
(40:45 / Allies) sc2no.wc4yes: i gave u my tp
(40:47 / Allies) sc2no.wc4yes: u can go hunt peons
(40:51 / Allies) sc2no.wc4yes: dont try to get strong units like knights
(41:28 / All) sc2no.wc4yes: u have the whole map
(41:32 / All) sc2no.wc4yes: and you play so scared
(41:43 / All) SeXyMcNuGgEt93: when you have all aa
(41:51 / All) SeXyMcNuGgEt93: youre bitches\
(41:57 / Allies) sc2no.wc4yes: nice
(41:58 / Allies) sc2no.wc4yes: 2 bats dead
(42:04 / Allies) sc2no.wc4yes: come back up here and ill give you an orb
(42:47 / Allies) sc2no.wc4yes: care
(43:29 / Allies) sc2no.wc4yes: 1 shadowstrike kills a bat
(43:31 / Allies) sc2no.wc4yes: with the slow damage
(44:08 / Allies) sc2no.wc4yes: gay
(44:13 / Allies) sc2no.wc4yes: aw
(44:15 / Allies) sc2no.wc4yes: u could have staffed
(45:20 / Allies) sc2no.wc4yes: i think soon they will try
(45:56 / All) sc2no.wc4yes: how much lumber do you guys have?
(46:09 / All) SeXyMcNuGgEt93: how much dignity do you have?
(47:25 / All) sc2no.wc4yes: dont just stand there bust a move
(48:47 / All) sc2no.wc4yes: :)))
(49:09 / All) sc2no.wc4yes: thanks it was in the way
(49:14 / All) SeXyMcNuGgEt93: now fight us on our turf
(49:20 / All) sc2no.wc4yes: sorry cant get down
(49:28 / All) SeXyMcNuGgEt93: yea
(49:38 / Allies) USA.: dnt use my warden
(49:40 / Allies) USA.: ill brb
(49:42 / Allies) sc2no.wc4yes: k
(50:02 / Allies) USA.: put fiends on edge
(50:07 / Allies) sc2no.wc4yes: he wont coem if i do
(50:12 / Allies) USA.: instant blink =]
(50:17 / Allies) sc2no.wc4yes: nice
(50:30 / All) x-D: bunch of noobs lol no need to waste my time on noobs
(50:34 / Allies) USA.: i need speed
(50:38 / All) sc2no.wc4yes: good
(50:58 / Allies) USA.: think im sacrificng teleport for boots of speed
(51:02 / Allies) sc2no.wc4yes: k
(51:05 / Allies) sc2no.wc4yes: look out for naga
(51:49 / All) sc2no.wc4yes: orb of lightnigh on farseer and beastmaster
(51:50 / All) sc2no.wc4yes: rofl
(52:04 / Allies) USA.: i love warden
(52:18 / Allies) sc2no.wc4yes: someone bought it
(52:23 / All) SeXyMcNuGgEt93: cmon
(52:28 / All) SeXyMcNuGgEt93: why so scared?
(52:30 / All) sc2no.wc4yes: what do you want me to do
(52:31 / All) SeXyMcNuGgEt93: hahahaha
(52:32 / All) sc2no.wc4yes: im stuck up here
(52:36 / All) sc2no.wc4yes: only hte warden can blink
(52:37 / All) SeXyMcNuGgEt93: nope
(52:48 / Allies) USA.: shud i fuck the bm up?
(52:53 / Allies) sc2no.wc4yes: it has invul pot
(52:55 / Allies) sc2no.wc4yes: abnd speed scroll
(53:04 / All) sc2no.wc4yes: i used staff of teleport to get to a gargoyle
(53:06 / All) sc2no.wc4yes: then quick hall
(53:09 / All) sc2no.wc4yes: i dont have any more quick halls
(53:19 / All) SeXyMcNuGgEt93: oh well
(53:25 / All) SeXyMcNuGgEt93: guess you gotta use units like we did
(53:32 / All) sc2no.wc4yes: i have 0 gold
(53:33 / Allies) USA.: green
(53:35 / All) sc2no.wc4yes: what you see is what you get
(53:43 / All) SeXyMcNuGgEt93: you have frosties
(53:46 / Allies) USA.: cann i get some of the items on ur dk so i can get invul
(53:46 / All) SeXyMcNuGgEt93: hahahahahaha
(53:53 / All) SeXyMcNuGgEt93: and heroes
(53:57 / Allies) sc2no.wc4yes: im keeping orb
(53:59 / Allies) sc2no.wc4yes: its good for defense
(54:07 / All) SeXyMcNuGgEt93: cmooon
(54:15 / All) SeXyMcNuGgEt93: see, youre only gonna lose
(54:26 / All) SeXyMcNuGgEt93: so might as well leave
(54:30 / All) SeXyMcNuGgEt93: we won
(54:36 / All) sc2no.wc4yes: in about 4 hours ill start to consider it
(54:40 / Allies) USA.: lol
(54:43 / All) SeXyMcNuGgEt93: just cuz you have 5 towers and a hall doesnt mean you win
(54:49 / All) sc2no.wc4yes: my longest bnet game was 48 hours, then i lagged out
(55:02 / All) SeXyMcNuGgEt93: wow
(55:05 / All) SeXyMcNuGgEt93: how old are you?
(55:14 / All) sc2no.wc4yes: is there a correct age to play 48 hour games?
(55:17 / All) sc2no.wc4yes: thats what i wanna know
(55:20 / All) SeXyMcNuGgEt93: answer
(55:29 / All) sc2no.wc4yes: i feel like no matter what i say
(55:34 / All) sc2no.wc4yes: you will act like it;s the wrong answer
(55:48 / All) SeXyMcNuGgEt93: yea
(56:06 / All) SeXyMcNuGgEt93: if youre a 7 year stubborn immature brat who cant take a loss, i feel sorry for you
(56:12 / All) sc2no.wc4yes: what if im 27?
(56:17 / All) USA.: why are u still here
(56:19 / All) sc2no.wc4yes: then would it be ok?
(56:29 / All) USA.: buddy
(56:32 / All) USA.: ur staying here too
(56:34 / All) sc2no.wc4yes: i was born in 93
(56:37 / All) USA.: youre just as pathetic as us
(56:48 / All) USA.: so how old are you blue?
(56:55 / All) sc2no.wc4yes: whats 2011 - 1993
(56:56 / All) USA.: why do you care so much
(56:57 / All) SeXyMcNuGgEt93: if youre over 30, im sorry that you really havent matured yet
(57:03 / All) SeXyMcNuGgEt93: 17, and more mtture than you
(57:03 / All) USA.: ur 18
(57:09 / All) SeXyMcNuGgEt93: yea
(57:11 / All) sc2no.wc4yes: show me your hairless balls
(57:18 / All) sc2no.wc4yes: lets skype
(57:46 / Allies) sc2no.wc4yes: send the invul ones in
(57:57 / Allies) sc2no.wc4yes: the gryph
(58:41 / Allies) USA.: lol
(58:44 / Allies) USA.: dk on the loose
(58:48 / Allies) sc2no.wc4yes: have to wait for my staff to cool down
(58:51 / Allies) sc2no.wc4yes: before i do anything
(59:04 / Allies) USA.: lol
(59:05 / Allies) sc2no.wc4yes: oooh nice
(59:06 / Allies) sc2no.wc4yes: omw
(59:08 / Allies) USA.: noob teal
(59:20 / All) SeXyMcNuGgEt93: teal
(59:58 / Allies) sc2no.wc4yes: go up and heal
(60:08 / Allies) sc2no.wc4yes: i set the statue to mana
(60:26 / Allies) USA.: huh
(60:33 / All) sc2no.wc4yes: LOL
(60:35 / Allies) USA.: lol
(60:37 / Allies) USA.: LOL
(60:40 / All) USA.: well blue
(60:48 / All) USA.: looks like ur the only pathetic one on ur team
(60:59 / All) sc2no.wc4yes: before you follow your adhd allies
(61:05 / All) sc2no.wc4yes: send what air you have left
(61:06 / All) sc2no.wc4yes: up here to die
(61:18 / All) SeXyMcNuGgEt93: its dead
(61:59 / Allies) USA.: this was such an easy game fo rthem to win
(62:02 / Allies) USA.: so dumb
(62:11 / Allies) sc2no.wc4yes: lol i was holding back
(62:14 / Allies) sc2no.wc4yes: so they wouldnt lose
(62:21 / All) sc2no.wc4yes: before he pulled the cord